AoeStats
← _BeTo_

Arena

510038611Analyzed
1v1 RM · 3d ago on Sep 29, 2026· 47m 2s· 2 players
Game mode
Random Map
Map size
Tiny (2 player)
Population
200
Speed
Normal
Resources
Standard
Victory
Conquest
Starting age
Dark Age
Ending age
Imperial Age
RankedLock teamsTeams togetherTeam positionsShared explorationLock speedFull tech treeHidden civsTurbo modeCheats
Victory
Defeat
🇲🇽 Poles · Mexico
1650
+12
🇳🇿 Britons · New Zealand
1562
-12
DeZi
10:20 Feudal Age
14:09 Castle Age
12:03 Double-Bit Axe
12:10 Horse Collar
15:21 Bow Saw
15:33 Heavy Plow
20:36 Wheelbarrow
19:49 Loom
22:33 Hand Cart
28:21 Imperial Age
26:01 Crossbowman
26:34 Fletching
27:23 Bodkin Arrow
27:29 Padded Archer Armor
28:35 Ballistics
28:09 Gold Mining
28:58 Arbalester
30:16 Bracer
32:52 Chemistry
32:18 Conscription
33:08 Leather Archer Armor
32:39 Light Cavalry
33:41 Scale Barding Armor
34:53 Ring Archer Armor
34:44 Chain Barding Armor
36:18 Two-Man Saw
35:05 Town Watch
36:07 Plate Barding Armor
37:25 Forging
37:56 Warwolf
38:16 Husbandry
39:30 Yeomen
_BeTo_
10:31 Feudal Age
14:31 Castle Age
12:18 Horse Collar
12:48 Double-Bit Axe
14:47 Light Cavalry
17:24 Bow Saw
17:57 Fervor
27:01 Imperial Age
24:40 Stone Mining
24:45 Gold Mining
25:36 Wheelbarrow
24:48 Loom
25:56 Heavy Plow
26:20 Town Watch
27:11 Bloodlines
27:02 Husbandry
27:08 Scale Barding Armor
27:46 Hand Cart
27:05 Capped Ram
28:09 Chain Barding Armor
27:14 Cavalier
28:26 Szlachta Privileges
29:18 Forging
29:42 Conscription
30:50 Coinage
31:21 Iron Casting
30:42 Elite Skirmisher
31:04 Crossbowman
31:54 Thumb Ring
31:41 Fletching
32:24 Padded Archer Armor
33:17 Ballistics
33:59 Chemistry
32:56 Bodkin Arrow
33:51 Leather Archer Armor
34:55 Bracer
36:29 Blast Furnace
38:03 Crop Rotation
41:17 Winged Hussar
43:00 Lechitic Legacy
43:16 Hoardings
47:23 Town Patrol
47:36 Masonry
47:07 Treadmill Crane
Connection lost

Rejoining the realm…

Still unreachable

The connection could not be restored.

Session expired

The server has moved on; the page needs a fresh start.